 Dungeon Crawl Stone Soup version 0.19-a0-1835-g9eb87fe (webtiles) character file.

450 TheGoonsmith the Chopper (level 6, -11/49 HPs)
             Began as a Demonspawn Gladiator on Oct 8, 2016.
             Was a Follower of Ru.
             Mangled by TheGoonsmith's ghost (13 damage)
             ... on level 4 of the Dungeon.
             The game lasted 00:06:20 (4045 turns).

TheGoonsmith the Chopper (Demonspawn Gladiator)     Turns: 4045, Time: 00:06:21

Health: -11/49     AC:  6    Str: 17    XL:     6   Next: 74%
Magic:  6/6        EV: 12    Int:  9    God:    Ru [*.....]
Gold:   5          SH:  0    Dex: 14    Spells: 0 memorised, 5 levels left

rFire  . . .     SeeInvis .     j - +0 battleaxe
rCold  + . .     Gourm    .     b - +0 leather armour
rNeg   . . .     Faith    .     (shield currently unavailable)
rPois  .         Spirit   .     c - +0 helmet
rElec  .         Dismiss  .     (no cloak)
rCorr  .         Reflect  .     (no gloves)
MR     .....     Harm     .     (no boots)
Stlth  +.........               (no amulet)
                                (no ring)
                                (no ring)

@: no status effects
A: slimy green scales 1, cold resistance 1, freezing cloud immunity, hated by
all
a: Renounce Religion


You were on level 4 of the Dungeon.
You worshipped Ru.
Ru was aware of your devotion.
You were not hungry.

You visited 1 branch of the dungeon, and saw 4 of its levels.

You collected 83 gold pieces.
You spent 78 gold pieces at shops.

Inventory:

Hand Weapons
 a - a +0 war axe
 j - a +0 battleaxe (weapon)
Missiles
 d - 3 throwing nets (quivered)
Armour
 b - a +0 leather armour (worn)
 c - a +0 helmet (worn)
Jewellery
 g - an uncursed ring of fire {unknown}
 m - an uncursed ring of protection from cold {unknown}
Scrolls
 e - a scroll of amnesia {unknown}
 h - 2 scrolls of enchant armour {unknown}
 i - 2 scrolls of blinking {unknown}
 l - 2 scrolls of remove curse {unknown}
 q - 2 scrolls of noise {unknown}
 s - 7 scrolls of identify {unknown}
Potions
 o - a potion of flight {unknown}
 p - a potion of haste {unknown}
 t - a potion of agility {unknown}
Comestibles
 f - 2 bread rations
 k - a chunk of flesh
 n - 2 royal jellies
 r - 2 meat rations


   Skills:
 + Level 4.3 Fighting
 * Level 6.0 Axes
 - Level 1.7 Throwing
 - Level 2.6 Dodging


You had 5 spell levels left.
You didn't know any spells.

Dungeon Overview and Level Annotations

Branches:
Dungeon (4/15)
 Temple: D:4-7

Altars:
Dithmenos
Hepliaklqana
Ru
Yredelemnul

Shops:
D:4 (

Annotations:
D:4 TheGoonsmith's ghost, amateur MfGl


Innate Abilities, Weirdness & Mutations

You are partially covered in slimy green scales. (AC +2)
Your flesh is cold resistant. (rC+)
You are immune to freezing clouds.
You are hated by all.


Message History

You closely miss TheGoonsmith's ghost.
TheGoonsmith's ghost is heavily damaged.
TheGoonsmith's ghost completely misses you.
TheGoonsmith's ghost misses you.
You closely miss TheGoonsmith's ghost.
TheGoonsmith's ghost is heavily damaged.
TheGoonsmith's ghost barely misses you.
You closely miss TheGoonsmith's ghost.
TheGoonsmith's ghost is heavily damaged.
TheGoonsmith's ghost misses you.
You closely miss TheGoonsmith's ghost.
TheGoonsmith's ghost is heavily damaged.
TheGoonsmith's ghost hits you!
* * * LOW HITPOINT WARNING * * *
TheGoonsmith's ghost hits you!
* * * LOW HITPOINT WARNING * * *
You miss TheGoonsmith's ghost.
TheGoonsmith's ghost is heavily damaged.
TheGoonsmith's ghost hits you!
You die...

.................##.#.#
##.####.####..[..##.#.# #.#
#.....##.#.# ##'##
##.###...#.# ##...## #.#
#.###.# ##
##.....###.###.###.# .#
##.......##.........#
.####.<.......####...#######
....'.........+.@W.......(..
.####.........####...#######
.# ##.......## #..(..# .#
##.....## #.......# .#
##...## #.......# ## #+##
#..W....# #### ........##
...# ####....## ...# #.##.#


You could see TheGoonsmith's ghost.

Vanquished Creatures
  A necrophage (D:3)
  A vampire bat (D:3)
  An orc priest (D:3)
  2 orc wizards (D:3)
  Terence (D:3)
  3 adders
  3 worms
  3 fire bats (D:3)
  2 leopard geckos
  10 orcs (D:3)
  2 spectral bats (D:3)
  14 bats
  3 bat skeletons (D:3)
  A bat zombie (D:3)
  4 giant cockroaches
  8 goblins
  7 hobgoblins
  7 jackals (D:3)
  3 quokkas (D:3)
  A bat simulacrum (D:3)
  7 frilled lizards
  11 kobolds
  6 rats
  A spectral orc (D:2)
102 creatures vanquished.

Notes
Turn   | Place    | Note
-------+----------+-------------------------------------------
     0 | D:1      | TheGoonsmith the Demonspawn Gladiator began the quest for the Orb.
     0 | D:1      | Reached XP level 1. HP: 16/16 MP: 1/1
   104 | D:1      | Reached skill level 3 in Axes
   238 | D:1      | Gained mutation: Your flesh is cold resistant. (rC+) [demonic ancestry]
   238 | D:1      | Reached XP level 2. HP: 22/22 MP: 2/2
  1195 | D:2      | Gained mutation: You are immune to freezing clouds. [demonic ancestry]
  1195 | D:2      | Reached XP level 3. HP: 9/27 MP: 3/3
  1619 | D:2      | Found a basalt altar of Yredelemnul.
  1947 | D:2      | Found a hazy altar of Hepliaklqana.
  1956 | D:2      | Found a shadowy altar of Dithmenos.
  1963 | D:2      | Found a sacrificial altar of Ru.
  1973 | D:2      | Became a worshipper of Ru the Awakened
  2265 | D:3      | Reached skill level 4 in Axes
  2265 | D:3      | Gained mutation: You are partially covered in slimy green scales. (AC +2) [demonic ancestry]
  2265 | D:3      | Reached XP level 4. HP: 16/34 MP: 4/4
  2505 | D:3      | Found a faded altar of an unknown god.
  2530 | D:3      | Reached XP level 5. HP: 18/41 MP: 5/5
  2604 | D:3      | Noticed a necrophage
  2619 | D:3      | Killed a necrophage
  2619 | D:3      | Reached skill level 5 in Axes
  2639 | D:3      | HP: 1/42 [adder (4)]
  3139 | D:3      | Reached XP level 6. HP: 13/48 MP: 6/6
  3658 | D:3      | Noticed Terence
  3688 | D:3      | Killed Terence
  3746 | D:3      | Reached skill level 6 in Axes
  3847 | D:3      | Gained mutation: You are hated by all. [Ru sacrifice]
  3847 | D:3      | Reached * piety under Ru
  3934 | D:4      | Found Hym Icee's Weapon Shop.
  3953 | D:4      | Bought a +0 battleaxe for 78 gold pieces
  4023 | D:4      | Noticed TheGoonsmith's ghost (amateur MfGl)
  4044 | D:4      | HP: 1/49 [TheGoonsmith's ghost (8)]
  4045 | D:4      | Mangled by TheGoonsmith's ghost

Vault maps used:
D:1:      eino_arrival_cavern_b, hangedman_decor_clover_reticule
D:2:      yredelemnul_forgotten_temple_becter, minmay_overflow_temple_star_quad
D:3:      first_bread, ecumenical_altar_2, goddamned_bats, uniq_terence
D:4:      gammafunk_temple_overflow_wave, serial_shops, nicolae_shop_trees,
          minmay_misc_feat_chi

Skill      XL: |  1  2  3  4  5  6 |
---------------+-------------------+-----
Axes           | 3 4 5 6 |  6.0
Fighting       | 3 4 |  4.3
Throwing       | |  1.7
Dodging        | |  2.6

Action                   |  1- 3 |  4- 6 || total
-------------------------+-------+-------++-------
Melee: War axe           |   129 |   213 ||   342
       Battleaxe         |       |    16 ||    16
Invok: Sacrifice Love    |       |     1 ||     1
  Use: Potion            |       |     3 ||     3
 Stab: Sleeping          |     1 |     1 ||     2
       Invisible         |       |     5 ||     5
  Eat: Chunk             |     4 |     7 ||    11
Armor: Leather armour    |    32 |   123 ||   155
       Skin              |       |     2 ||     2
Dodge: Dodged            |    91 |   249 ||   340
